cohdb
Replays
Latest Replays
All Replays
Popular Replays
Top Player Replays
Match Explorer
How It Works
Community
CoH3 Stats
Reddit
Sign in to upload your games and track your stats! →
Sign in with Steam
Match 45292890
Unlisted
Match 45292890
Overview
Messages
Build Orders
End
Kradschützen Motorcycle Team
Panzergrenadier Squad
Selects Panzerjäger Kommand Battlegroup
250 Light Carrier
Construct Light Support Kompanie
MG34 Team
Selects Tank Busters
Selects Mine Fields
Combat Half-tracks
Construct Mechanized Kompanie
Panzerjäger Mechanized Group
8 Rad Armored Car
Selects Defensive Positions
Vehicle Survival Package
Veteran Squad Leaders
Assault Grenadier Squad
Panzerjäger Squad
Construct Panzerarmee Kommand
Selects Crew Shock Tactics
Assault Mechanized Group
Panzer III L Medium Tank
Selects Anti-tank Overwatch
2.5-tonne Medical Truck
Walking Stuka Rocket Launcher
D-Money$
TP219
ReverseAverage
Arkanor
[B2B] Totino the Pizza Boy
Caleb187
0
0
Comments
sign in to comment!
No comments posted yet!